 Dungeon Crawl Stone Soup version 0.30-a0-723-gc1506a1cf0 (webtiles) character file.

Game seed: 15428958084775029472

9 iguanaiguana the Sneak (level 2, -4/24 HPs)
             Began as a Mummy Delver on Jan 28, 2023.
             Was an Initiate of Kikubaaqudgha.
             Slain by an orc
             ... wielding a +0 flail
              (7 damage)
             ... on level 4 of the Dungeon.
             The game lasted 00:05:20 (253 turns).

iguanaiguana the Sneak (Mummy Delver)                Turns: 253, Time: 00:05:21

Health: -4/24      AC:  4    Str: 15    XL:     2   Next: 6%
Magic:  2/11       EV: 11    Int: 14    God:    Kikubaaqudgha [......]
Gold:   17         SH:  0    Dex: 13    Spells: 1/1 levels left

rFire   x . .      SeeInvis .    a - +7 whip "Qoeq" {freeze, *Corrode rElec MP+9 Int+5}
rCold   + . .      Faith    +    (no shield)
rNeg    + + +      Spirit   .    e - +0 leather armour
rPois   ∞          Reflect  .    (no helmet)
rElec   +          Harm     .    (no cloak)
rCorr   .          Rampage  .    (no gloves)
Will    .....                    d - +0 pair of boots
Stlth   ++                       (no amulet)
HPRegen 0.24/turn                (no ring)
MPRegen 0.12/turn                (no ring)

@: no status effects
A: cold resistance 1, negative energy resistance 3, torment resistance 2, heat
vulnerability 1, no potions, faith
a: Renounce Religion


You were on level 4 of the Dungeon.
You worshipped Kikubaaqudgha.
Kikubaaqudgha was noncommittal.
You visited 2 branches of the dungeon, and saw 4 of its levels.

You collected 17 gold pieces.

Inventory:

Hand Weapons
 a - the +7 whip "Qoeq" (weapon) {freeze, *Corrode rElec MP+9 Int+5}
   (You found it on level 5 of the Dungeon)

   Int:       It affects your intelligence (+5).
   rElec:     It insulates you from electricity.
   MP:        It affects your magic capacity (+9).
   *Corrode:  It may corrode you when you take damage.
 b - a +0 short sword
Missiles
 g - 3 boomerangs (quivered)
Armour
 d - a +0 pair of boots (worn)
 e - a +0 leather armour (worn)
Wands
 f - a wand of digging (1) {@v3}
Scrolls
 c - 3 scrolls of fog


   Skills:
 - Level 3.0 Fighting
 - Level 1.5 Short Blades
 + Level 1.4 Maces & Flails
 - Level 1.5 Dodging
 - Level 4.1 Stealth


You had one spell level left.
You didn't know any spells.
Your spell library was empty.

Dungeon Overview and Level Annotations

Branches:
Dungeon (6/15) Zot: 17793  Temple (1/1) D:5 Zot: 5955

Altars:
Dithmenos
Fedhas
Gozag
Kikubaaqudgha
Makhleb
Nemelex Xobeh
Sif Muna
Trog
Vehumet
Wu Jian
Xom
Yredelemnul

Annotations:
D:5 exclusion: hound
Temple 2 transporters


Innate Abilities, Weirdness & Mutations

You are immune to poison.
Your flesh is cold resistant. (rC+)
You are immune to negative energy. (rN+++)
You are immune to unholy pain and torment.
You are vulnerable to heat. (rF-)
You do not drink.
You have a special connection with the divine. (Faith)


Message History

You feel your magic capacity decrease.
The +7 whip "Qoeq" {freeze, *Corrode rElec MP+9 Int+5} stops glowing.
b - a +0 short sword (weapon)
You climb downwards.
Level annotation: exclusion: hound
Found 11 gold pieces and a glowing green potion.
There is a stone staircase leading up here.
The orc shouts!
You hear a shout!
Unknown command.
You see here 11 gold pieces.
You now have 17 gold pieces (gained 11).
An orc comes into view. It is wielding a +0 flail.
The orc hits you with a +2 heavy flail. The orc attacks as you move away!
The orc hits you with a +0 flail. The orc attacks as you move away!
The orc hits you with a +0 club.
There is an escape hatch in the ceiling here.
A mysterious force pulls you upwards. The hatch slams shut behind you.
Unknown command.
You feel clever.
The +7 whip "Qoeq" {freeze, *Corrode rElec MP+9 Int+5} glows with a cold blue light!
a - the +7 whip "Qoeq" (weapon)
{freeze, *Corrode rElec MP+9 Int+5} You barely miss the orc.
The orc hits you with a +0 club. The orc hits you with a +0 flail.
* * * LOW HITPOINT WARNING * * *
You can't drink.
Okay, then.
Aiming: Dig
Press: ? - help, Shift-Dir - straight line A rock wall.
The rock shatters into small pieces.
A ball python comes into view.
The orc hits you with a +0 flail!
* * * LOW HITPOINT WARNING * * *
Found a dagger.
The orc attacks as you move away!
You closely miss the orc.
Okay, then.
You barely miss the orc. The orc hits you with a +0 flail!
You die...
Kikubaaqudgha rasps: "You have failed me!
Welcome... oblivion!"

#.gg...##.
#...g.....
######
#.........
#....##
#..>......
#.....#
#.........
#.....
#.........
#....#
.##...##.###
#....##.).######
.# +..o@......#
. ###o###....# .
#....# ..+ ..
#...........#
#..S...!....
#...........
##....##...#
#....# ...#
#..... =..


You could see 2 orcs and a ball python (wandering).

Vanquished Creatures
  An adder (D:4)
1 creature vanquished.

Notes
Turn   | Place    | Note
-------+----------+-------------------------------------------
     0 | D:5      | iguanaiguana the Mummy Delver began the quest for the Orb.
     0 | D:5      | Reached XP level 1. HP: 18/18 MP: 1/1
     4 | D:5      | Found a staircase to the Ecumenical Temple.
    12 | Temple   | Entered the Ecumenical Temple
    12 | Temple   | Found a transporter.
    12 | Temple   | Found a transporter.
    14 | Temple   | Found a transporter.
    14 | Temple   | Found a transporter.
    38 | Temple   | Became a worshipper of Kikubaaqudgha
    70 | D:6      | Noticed a jelly
    81 | D:5      | Noticed an orc wizard
    81 | D:5      | Noticed a hound
    89 | D:5      | Noticed a hound
   111 | D:4      | Noticed a gnoll bouda
   137 | D:5      | Found a burning altar of Makhleb.
   146 | D:5      | Identified the +7 whip "Qoeq" {freeze, *Corrode rElec MP+9
                  | Int+5}
   204 | D:4      | Reached skill level 1 in Maces & Flails
   204 | D:4      | Reached XP level 2. HP: 20/24 MP: 1/2
   253 | D:4      | Slain by an orc

Illustrated notes

Levels and vault maps discovered:
D:4:      layout_gridville, serial_bayou_crossing, uniq_robin
D:5:      layout_basic, bloody_makhleb, kennysheep_okawaru_gauntlet,
          minmay_temple_entry_ruins, kennysheep_diamond, grunt_ministairs_10,
          minmay_liquid_box, minmay_misc_feat_rugged
D:6:      layout_loops_corners, minitemple
Temple:   hellmonk_temple_divided_pantheon

Skill      XL: |  1 |
---------------+----+-----
Maces & Flails | 1 |  1.4
Fighting       | |  3.0
Short Blades   | |  1.5
Dodging        | |  1.5
Stealth        | |  4.1

Action                     || total
---------------------------++-------
  Melee: Whip              ||     4
         Short sword       ||     1
  Evoke: Wand              ||     2
    Use: Scroll            ||     2
   Stab: Sleeping          ||     1
 Armour: Leather armour    ||     3
  Dodge: Dodged            ||    10

Table legend: (Time is in decaauts)
 A = Elapsed time spent in this place.
 B = Non-inter-level travel time spent in this place.
 C = Inter-level travel time spent in this place.
 D = Time resting spent in this place.
 E = Time spent auto-exploring this place.
 F = Levels seen in this place.
 G = Mean time per level.
                   A        B        C        D        E       F      G
               +--------+--------+--------+--------+--------+-----+--------+
         Total |    249 |    249 |      0 |      0 |      0 |   4 |   62.2 |
       Dungeon |    205 |    205 |      0 |      0 |      0 |   3 |   68.3 |
        Temple |     44 |     44 |      0 |      0 |      0 |   1 |   44.0 |
               +--------+--------+--------+--------+--------+-----+--------+

Top non-repeatable levels by time:
     D:5: 143 daAuts
     D:4: 49 daAuts
  Temple: 44 daAuts
     D:6: 12 daAuts
